 Dungeon Crawl Stone Soup version 0.23-b1-49-g13d5857 (webtiles) character file.

Game seed: 2604672888013254591

70 Kairos the Skirmisher (level 4, -2/24 HPs)
             Began as a Vine Stalker Fighter on Feb 3, 2019.
             Slain by an orc warrior
             ... wielding a +0 dire flail
              (7 damage)
             ... on level 2 of the Dungeon.
             The game lasted 00:00:56 (859 turns).

Kairos the Skirmisher (Vine Stalker Fighter)         Turns: 859, Time: 00:00:56

Health: -2/24      AC:  7    Str: 19    XL:     4   Next: 21%
Magic:  0/5        EV:  7    Int:  8    God:
Gold:   27         SH:  9    Dex: 14    Spells: 3/3 levels left

rFire    . . .     SeeInvis .   a - +0 war axe
rCold    . . .     Gourm    .   c - +0 shield
rNeg     . . .     Faith    .   b - +0 scale mail
rPois    .         Spirit   +   (no helmet)
rElec    .         Reflect  .   k - +0 cloak
rCorr    .         Harm     .   (no gloves)
MR       .....                  (no boots)
Stlth    ..........             (no amulet)
HPRegen  0.48/turn              (no ring)
MPRegen  0.09/turn              (no ring)

@: no status effects
A: fangs 2, regeneration 1, magic shield, antimagic bite, no potion heal 3, rot
immunity
a: no special abilities


You were on level 2 of the Dungeon.
You were not hungry.

You visited 1 branch of the dungeon, and saw 2 of its levels.

You collected 27 gold pieces.

Inventory:

Hand Weapons
 a - a +0 war axe (weapon)
Armour
 b - a +0 scale mail (worn)
 c - a +0 shield (worn)
 k - a +0 cloak (worn)
Scrolls
 e - a scroll of remove curse {unknown}
 g - 3 scrolls of identify {unknown}
 j - a scroll of amnesia {unknown}
 l - a scroll of random uselessness {unknown}
Potions
 d - 2 potions of might
 h - a potion of agility {unknown}
 i - a potion of resistance {unknown}
 m - 2 potions of curing {unknown}
Comestibles
 f - 5 rations


   Skills:
 + Level 3.4 Fighting
 + Level 2.3 Axes
 + Level 2.9 Armour
 + Level 0.1 Dodging
 + Level 3.0 Shields


You had 3 spell levels left.
You didn't know any spells.
Your spell library was empty.

Dungeon Overview and Level Annotations

Branches:
Dungeon (2/15)

Altars:
Uskayaw


Innate Abilities, Weirdness & Mutations

You have extremely sharp teeth.
Your natural rate of healing is unusually fast.
When hurt, damage is shared between your health and your magic reserves.
Your bite disrupts and absorbs the magic of your enemies.
Potions cannot restore your health.
You are immune to rotting.


Message History

Found a dagger.
You see here a dagger.
An orc warrior and an orc priest come into view.
There are monsters nearby!
You hit the orc priest. Your bite misses the orc priest.
The orc priest is moderately wounded.
The orc priest hits you with a +0 dagger.
You hit the orc warrior but do no damage.
You hit the orc warrior. Your bite misses the orc warrior.
The orc warrior is lightly wounded.
The orc warrior hits you with a +0 dire flail!!
Ouch! That really hurt!
* * * LOW HITPOINT WARNING * * *
You are too injured to fight recklessly!
You are too injured to fight recklessly!
You barely miss the orc warrior.
The orc warrior is lightly wounded.
The orc warrior closely misses you.
The orc warrior hits you with a +0 dire flail!
You die...

#.# #.#
#.# #)#
#.# #.#
#.#
#.#####.#
#...oo@.#
#######.#
#.# ###


You could see an orc warrior and an orc priest.

Vanquished Creatures
  A worker ant (D:2)
  An adder (D:2)
  An ooze (D:2)
  3 dart slugs (D:1)
  3 leopard geckos (D:1)
  An orc (D:2)
  2 ball pythons
  A giant cockroach (D:1)
  2 goblins (D:1)
  2 hobgoblins (D:1)
  2 kobolds (D:1)
  4 bats (D:1)
  A rat (D:2)
24 creatures vanquished.

Vanquished Creatures (others)
  4 toadstools (D:1)
4 creatures vanquished.

Grand Total: 28 creatures vanquished

Notes
Turn   | Place    | Note
-------+----------+-------------------------------------------
     0 | D:1      | Kairos the Vine Stalker Fighter began the quest for the
                  | Orb.
     0 | D:1      | Reached XP level 1. HP: 11/11 MP: 2/2
    66 | D:1      | Reached XP level 2. HP: 14/16 MP: 3/3
   206 | D:1      | You fall through a shaft!
   398 | D:1      | Reached XP level 3. HP: 20/20 MP: 4/4
   814 | D:2      | Noticed a +0 hand axe
   814 | D:2      | Noticed a +0 dagger
   816 | D:2      | Found a hide-covered altar of Uskayaw.
   821 | D:2      | Gained mutation: Your natural rate of healing is unusually
                  | fast. [Vine Stalker growth]
   821 | D:2      | Reached XP level 4. HP: 14/24 MP: 5/5
   854 | D:2      | Noticed an orc warrior
   859 | D:2      | Slain by an orc warrior

Skill      XL: |  1  2  3 |
---------------+----------+-----
Fighting       | 3 |  3.4
Axes           | 2 |  2.3
Shields        | 3 |  3.0
Armour         | |  2.9
Dodging        | |  0.1

Action                   |  1- 3 |  4- 6 || total
-------------------------+-------+-------++-------
Melee: War axe           |    58 |     4 ||    62
       Bite              |    17 |       ||    17
Armor: Scale mail        |    17 |       ||    17
Dodge: Dodged            |    18 |     1 ||    19
Block: Shield            |    34 |       ||    34
